 Dungeon Crawl Stone Soup version 0.22.0-60-ga52c2fcf6e (webtiles) character file.

56 Drachen the Sneak (level 3, -8/26 HPs)
             Began as an Octopode Fighter on Sept 10, 2018.
             Mangled by a gnoll
             ... wielding a +0 spear
              (9 damage)
             ... on level 2 of the Dungeon.
             The game lasted 00:03:25 (1489 turns).

Drachen the Sneak (Octopode Fighter)                Turns: 1489, Time: 00:03:26

Health: -8/26      AC:  1    Str: 15    XL:     3   Next: 97%
Magic:  3/3        EV:  6    Int: 10    God:
Gold:   72         SH:  0    Dex: 12    Spells: 2/2 levels left

rFire    . . .     SeeInvis .   a - +0 long sword
rCold    . . .     Gourm    .   b - +0 shield
rNeg     . . .     Faith    .   (helmet restricted)
rPois    .         Spirit   .   (no amulet)
rElec    .         Reflect  .   (no ring)
rCorr    .         Harm     .   (no ring)
MR       .....                  (no ring)
Stlth    ++++......             (no ring)
HPRegen  0.08/turn              (no ring)
MPRegen  0.08/turn              (no ring)
                                (no ring)
                                (no ring)

@: held
A: almost no armour, stealthy swim, amphibious, 8 rings, constrict 8, camouflage
1, gelatinous body 1
a: no special abilities


You were on level 2 of the Dungeon.
You were hungry.

You visited 1 branch of the dungeon, and saw 2 of its levels.

You collected 72 gold pieces.

Inventory:

Hand Weapons
 a - a +0 long sword (weapon)
 l - a +0 spear (quivered)
Armour
 b - a +0 shield (worn)
Scrolls
 e - 2 scrolls of identify {unknown}
 g - 3 scrolls of teleportation {unknown}
 i - 2 scrolls of magic mapping {unknown}
 m - a scroll of remove curse {unknown}
 n - 3 scrolls of enchant armour {unknown}
 o - a scroll of random uselessness {unknown}
Potions
 c - a potion of might
 f - a potion of curing
 h - a potion of mutation {unknown}
 j - a potion of degeneration {unknown}
 k - a potion of agility {unknown}
 p - a potion of ambrosia {unknown}
Comestibles
 d - 2 rations


   Skills:
 - Level 3.0 Fighting
 - Level 2.0 Long Blades
 - Level 3.0 Dodging
 + Level 5.1 Stealth
 - Level 3.0 Shields


You had 2 spell levels left.
You didn't know any spells.
Your spell library was empty.

Dungeon Overview and Level Annotations

Branches:
Dungeon (2/15)

Altars:
Elyvilon


Innate Abilities, Weirdness & Mutations

You cannot wear most types of armour.
You are very stealthy in the water. (Stealth+)
You are amphibious.
You can wear up to eight rings at the same time.
You can use your tentacles to constrict eight enemies at once.
Your skin changes colour to match your surroundings (Stealth+).
Your rubbery body absorbs attacks. (AC +1, EV +1)


Message History

You block the gnoll's attack.
The gnoll hits you from afar with a spear.
You hit the gnoll. You squeeze the gnoll.
The gnoll is severely wounded.
You constrict the gnoll.
You kill the gnoll!
Your Stealth skill increases to level 5!
The gnoll hits you from afar with a spear!
The gnoll throws a throwing net.
The throwing net hits you.
You become entangled in the net!
The gnoll barely misses you.
You struggle against the net.
The gnoll hits you from afar with a spear.
* * * LOW HITPOINT WARNING * * *
You tear a large gash into the net.
The gnoll hits you but does no damage.
The gnoll hits you from afar with a spear.
* * * LOW HITPOINT WARNING * * *
You feel better. The gnoll hits you with a club!
* * * LOW HITPOINT WARNING * * *
The gnoll hits you from afar with a spear!
You die...

........#.......
###............#
.#####......#### .#
#.####.# .## #.# .# ..# #.#
.. ..####.#
....##.#############
................@gg#
....##...#########.######.#
..####...# #......).g...#
..#.##...# #.###.########
#..#.....#####.# #.#
.##...........># #.#
#######..####### #.#
#######..###### #.#
............... ..#


You could see 2 gnolls.

Vanquished Creatures
  2 gnolls (D:2)
  2 oozes
  2 dart slugs
  A leopard gecko (D:1)
  A ball python (D:1)
  A giant cockroach (D:1)
  4 goblins (D:1)
  5 hobgoblins
  A kobold (D:1)
  A frilled lizard (D:1)
  4 rats
24 creatures vanquished.

Notes
Turn   | Place    | Note
-------+----------+-------------------------------------------
     0 | D:1      | Drachen the Octopode Fighter began the quest for the Orb.
     0 | D:1      | Reached XP level 1. HP: 16/16 MP: 1/1
   225 | D:1      | Reached skill level 1 in Stealth
   288 | D:1      | Reached skill level 2 in Stealth
   381 | D:1      | Reached XP level 2. HP: 21/21 MP: 2/2
   544 | D:1      | Reached skill level 3 in Stealth
  1120 | D:1      | Reached XP level 3. HP: 26/26 MP: 3/3
  1294 | D:2      | Reached skill level 4 in Stealth
  1342 | D:2      | Found a white marble altar of Elyvilon.
  1486 | D:2      | Reached skill level 5 in Stealth
  1489 | D:2      | HP: 1/26 [gnoll/club (10)]
  1489 | D:2      | Mangled by a gnoll

Skill      XL: |  1  2  3 |
---------------+----------+-----
Stealth        | 2 3 5 |  5.1
Fighting       | |  3.0
Long Blades    | |  2.0
Dodging        | |  3.0
Shields        | |  3.0

Action                   || total
-------------------------++-------
Melee: Long sword        ||    42
       Constrict         ||    11
       Tentacles         ||    10
  Use: Potion            ||     2
 Stab: Sleeping          ||     5
  Eat: Chunk             ||     1
Armor: Skin              ||     3
Dodge: Dodged            ||    11
Block: Shield            ||    15
       Rpst.: Long sword ||     2
